 Dungeon Crawl Stone Soup version 0.29.1-12-g30fa7ad0bf (webtiles) character file.

Game seed: 17274867801907760516

15577 yeehawbw the Basher (level 12, -3/145 HPs)
             Began as a Palentonga Berserker on Jan 10, 2023.
             Was an Elder of Trog.
             Slain by a komodo dragon (7 damage)
             ... on level 1 of the Lair of Beasts on Jan 11, 2023.
             The game lasted 02:00:46 (8718 turns).

yeehawbw the Basher (Palentonga Berserker)          Turns: 8718, Time: 02:00:46

Health: -3/145     AC: 33    Str: 26    XL:     12   Next: 2%
Magic:  0/12       EV:  1    Int: 11    God:    Trog [****..]
Gold:   521        SH:  0    Dex: 11    Spells: 11/11 levels left

rFire   . . .      SeeInvis +   a - +3 mace of the Sky {protect, Str+2}
rCold   x . .      Faith    .   (no shield)
rNeg    + . .      Spirit   +   (body armour currently unavailable)
rPois   +          Reflect  .   (helmet currently unavailable)
rElec   +          Harm     .   (cloak currently unavailable)
rCorr   .          Rampage  .   (gloves currently unavailable)
Will    +....      NoTele   +   (no barding)
Stlth   ++........              l - amulet of guardian spirit
HPRegen 0.34/turn               I - ring of Divine Intervention {rC- rN+ Will+ Int+3}
MPRegen 0.13/turn               b - ring of Ennav Qong {Fly rElec}

@: tree-form, under a protective aura, on berserk cooldown, slowed, studying
Dodging, invisible, very slow
A: stationary, stasis, torment immunity, boosted hp, large, rugged brown scales
3, see invisible, (deformed body), (roll 1), (armoured tail), (reflexive curl),
clumsy 1, screaming 1, (sturdy frame 1)
a: Renounce Religion, Berserk, Trog's Hand, Brothers in Arms


You were on level 1 of the Lair of Beasts.
You worshipped Trog.
Trog was greatly pleased with you.
You were a tree.
You visited 3 branches of the dungeon, and saw 12 of its levels.

You collected 521 gold pieces.

Inventory:

Hand Weapons
 a - the +3 mace of the Sky (weapon) {protect, Str+2}
   (You found it on level 8 of the Dungeon)

   It grants its wielder temporary protection when it strikes (+7 to AC).
   Str:       It affects your strength (+2).
 d - a +1 rapier of flaming
 u - a +4 trident of freezing
 w - a +0 shortbow of freezing
 y - a +2 lajatang of venom
 E - a +3 spear of venom
 H - a +0 flail of holy wrath
 K - a +5 halberd
 M - a +2 hand axe of freezing
 N - a +2 vampiric dagger
 P - a +1 dagger of speed
 Q - a +3 dagger
 S - a +2 whip of venom
 U - a +4 scimitar
 V - a +1 scimitar of flaming
 Z - the +2 glaive of the Gloaming {freeze, rF+ rN+ Int-3}
   (You found it on level 8 of the Dungeon)

   It freezes those it strikes, dealing additional cold damage.
   It can also slow down cold-blooded creatures.
   Int:       It affects your intelligence (-3).
   rF:        It protects you from fire.
   rN:        It protects you from negative energy.
Missiles
 h - 16 javelins
Armour
 p - a +1 cloak (melded)
 q - the +2 ring mail of Day (melded) {+Blink rElec Regen+ Str-2}
   (You found it on level 2 of the Dungeon)

   Str:       It affects your strength (-2).
   rElec:     It insulates you from electricity.
   +Blink:    It lets you blink.
   Regen:     It increases your rate of health regeneration.
 t - a +0 pair of gloves (melded)
 x - a +1 robe of fire resistance
 A - a +1 robe of the Archmagi
 J - a +0 chain mail
 O - a +1 robe of willpower
 W - a +1 robe of willpower
 X - a +0 helmet (melded)
Jewellery
 b - the ring of Ennav Qong (right branch) {Fly rElec}
   (You found it on level 8 of the Dungeon)

   [ring of flight]

   rElec:     It insulates you from electricity.
   Fly:       It grants you flight.
 f - a ring of magical power
 i - an amulet of the acrobat
 l - an amulet of guardian spirit (around neck)
 D - a ring of willpower
 G - an amulet of guardian spirit
 I - the ring of Divine Intervention (left branch) {rC- rN+ Will+ Int+3}
   (You found it on level 6 of the Dungeon)

   [ring of willpower]

   Int:       It affects your intelligence (+3).
   rC:        It makes you vulnerable to cold.
   rN:        It protects you from negative energy.
   Will:      It increases your willpower.
Wands
 v - a wand of flame (13)
 z - a wand of mindburst (8)
 C - a wand of paralysis (11)
 R - a wand of polymorph (29)
Scrolls
 j - 2 scrolls of identify
 k - 2 scrolls of enchant armour
 m - 6 scrolls of teleportation
 s - 4 scrolls of poison
 F - a scroll of enchant weapon
 L - 2 scrolls of vulnerability
 T - 2 scrolls of amnesia
Potions
 c - 2 potions of attraction
 g - a potion of brilliance
 n - a potion of might
 o - a potion of lignification
 r - a potion of cancellation
Miscellaneous
 e - a piece from Xom's chessboard (15/15)


   Skills:
 - Level 7.2 Fighting
 - Level 7.3(11.4) Axes
 * Level 13.6(14.3) Maces & Flails
 - Level 5.7 Armour
 - Level 7.3 Dodging
 - Level 3.9 Stealth


You had 11 spell levels left.
You didn't know any spells.
Your spell library contained the following spells:

 Spells                   Type           Power      Damage    Failure   Level
 Necrotise                Necr           0%         1d4       34%         1
 Slow                     Hex            0%         N/A       34%         1
 Confusing Touch          Hex            0%         N/A       71%         3
 Conjure Flame            Conj/Fire      0%         6-21      71%         3
 Frozen Ramparts          Ice            0%         1d1       71%         3
 Ignite Poison            Fire/Tmut/Pois 0%         N/A       71%         3
 Stone Arrow              Conj/Erth      0%         3d7       71%         3
 Vampiric Draining        Necr           0%         2d6       71%         3
 Animate Armour           Summ/Erth      0%         N/A       98%         4
 Ice Form                 Ice/Tmut       0%         N/A       98%         4
 Leda's Liquefaction      Hex/Erth       0%         N/A       98%         4
 Sticky Flame             Conj/Fire      0%         2d3       98%         4
 Summon Ice Beast         Ice/Summ       0%         N/A       98%         4
 Agony                    Necr           0%         N/A       100%        5
 Alistair's Intoxication  Tmut/Pois      0%         N/A       100%        5
 Borgnjor's Vile Clutch   Necr/Erth      0%         N/A       100%        5
 Lee's Rapid Deconstruct  Erth           0%         3d5*      100%        5
 Eringya's Noxious Bog    Tmut/Pois      0%         N/A       100%        6
 Statue Form              Tmut/Erth      0%         N/A       100%        6
 Borgnjor's Revivificati  Necr           0%         N/A       100%        8
 Lehudib's Crystal Spear  Conj/Erth      0%         10d2      100%        8
 Necromutation            Tmut/Necr      0%         N/A       100%        8
 Death's Door             Necr           0%         N/A       100%        9


Dungeon Overview and Level Annotations

Branches:
Dungeon (10/15)            Temple (1/1) D:5            Lair (1/5) D:10
    Orc (0/2) D:10

Altars:
Ashenzari
Cheibriados
Dithmenos
Elyvilon
Fedhas
Gozag
Hepliaklqana
Kikubaaqudgha
Makhleb
Nemelex Xobeh
Okawaru
Qazlal
Ru
Sif Muna
Trog
Uskayaw
Vehumet
Wu Jian
Xom
Yredelemnul
Zin
The Shining One

Shops:
D:5 [


Innate Abilities, Weirdness & Mutations

You are a tree.
Your roots penetrate the ground, keeping you stationary.
You cannot be teleported.
You are immune to unholy pain and torment.
Your maximum health is greatly increased.
Your equipment is partially melded.
(You are completely covered in rugged brown scales. (AC +3, +7% HP))
You have supernaturally acute eyesight. (SInv)
((Armour fits poorly on your strangely shaped body.))
((You can roll at nearby foes to attack.))
((You have a long armoured tail.))
((You curl defensively after being hit. (AC +7*)))
You are clumsy. (Dex -2)
You occasionally shout uncontrollably at your foes.
((Your movements are slightly less encumbered by armour. (ER -2)))


Message History

Your +0 pair of gloves melds into your body.
The +2 ring mail of Day {+Blink rElec Regen+ Str-2} melds into your body.
Your roots penetrate the ground.
The komodo dragon completely misses you.
You sock the komodo dragon!
Your weapon exudes an aura of protection.
The komodo dragon is moderately wounded.
Your skin stops crawling.
You feel less strong-willed.
The komodo dragon bites you but does no damage.
You hit the komodo dragon.
The komodo dragon is moderately wounded.
The komodo dragon bites you!
* * * LOW HITPOINT WARNING * * *
You are confused.
You feel invigorated. The komodo dragon bites you!
* * * LOW HITPOINT WARNING * * *
The komodo dragon bites you!
* * * LOW HITPOINT WARNING * * *
You cannot move. (Use ctrl+direction or * direction to attack while stationary and confused.) Unknown command.
Unknown command.
You cannot move. (Use ctrl+direction or * direction to attack while stationary and confused.)
You feel less invigorated.
You feel less confused.
The komodo dragon bites you but does no damage.
The komodo dragon bites you but does no damage.
The komodo dragon bites you. The komodo dragon bites you!
* * * LOW HITPOINT WARNING * * *
You catch the helpless komodo dragon completely off-guard!
You hit the komodo dragon.
Your weapon exudes an aura of protection.
The komodo dragon is moderately wounded.
The komodo dragon bites you.
* * * LOW HITPOINT WARNING * * *
You hit the komodo dragon but do no damage.
Your punch misses the komodo dragon.
The komodo dragon is moderately wounded.
The komodo dragon bites you!
You die...

.. .## #..#
...# ##...
P..## ####..#
....### ###..<#
#...###....##
#..........#
.##
##....#....##
...#
###.l♣####....#
....# #....##
##.....#
.....###..##
##...##
......#†..#
##....
.......†.##
.... ........##
... ........#
..$.....#
........#


You could see a komodo dragon (unable to see you).

Vanquished Creatures
  Erolcha (D:10)
  A boulder beetle (D:8)
  A two-headed ogre (D:10)
  Erica (D:8)
  A cyclops (D:8)
  An elephant (D:10)
  A gargoyle (D:7)
  A komodo dragon (D:10)
  A troll (D:9)
  A hornet (shapeshifter) (D:8)
  3 hornets
  A shadow (D:5)
  22 yaks
  A vampire (D:10)
  3 wyverns
  2 steam dragons
  Menkaure (D:6)
  A water moccasin (Lair:1)
  5 orc warriors
  3 ice beasts
  A sky beast (D:8)
  2 black bears (D:10)
  5 wolves
  An ogre (D:10)
  4 centaurs
  A phantom (D:5)
  4 kobold brigands
  Blork the orc (D:4)
  2 bullfrogs
  2 necrophages (D:8)
  6 gnoll sergeants
  3 scorpions
  13 wights (D:8)
  12 killer bees
  7 howler monkeys
  An electric eel (D:7)
  6 hounds
  6 orc priests
  4 gnoll boudas
  A jelly (D:8)
  3 iguanas
  16 orc wizards
  33 gnolls
  10 adders
  A white imp (D:7)
  A worm (D:2)
  2 dart slugs
  34 orcs
  6 endoplasms
  4 giant cockroaches
  8 goblins
  3 hobgoblins
  9 jackals
  2 quokkas
  2 ball pythons
  2 bats (D:1)
  A frilled lizard (D:1)
  17 kobolds
  8 rats
296 creatures vanquished.

Vanquished Creatures (collateral kills)
  A troll (D:10)
  An ogre (D:10)
  A kobold brigand (D:10)
  2 gnoll sergeants (D:10)
5 creatures vanquished.

Vanquished Creatures (others)
  A ball python (D:3)
  A fungus (Lair:1)
2 creatures vanquished.

Grand Total: 303 creatures vanquished

Notes
Turn   | Place    | Note
-------+----------+-------------------------------------------
     0 | D:1      | yeehawbw the Palentonga Berserker began the quest for the
                  | Orb.
     0 | D:1      | Reached XP level 1. HP: 19/19 MP: 1/1
   335 | D:1      | Reached XP level 2. HP: 22/25 MP: 2/2
   462 | D:1      | Found a faded altar of an unknown god.
   783 | D:1      | Reached XP level 3. HP: 31/31 MP: 3/3
  1209 | D:2      | Reached ** piety under Trog
  1569 | D:2      | Identified the +2 ring mail of Day {+Blink rElec Regen+
                  | Str-2}
  1701 | D:3      | Reached XP level 4. HP: 36/38 MP: 1/4
  1784 | D:3      | Found an ancient bone altar of Kikubaaqudgha.
  2356 | D:4      | Noticed Blork the orc
  2364 | D:4      | Killed Blork the orc
  2365 | D:4      | Reached XP level 5. HP: 40/44 MP: 2/5
  2439 | D:4      | Reached XP level 6. HP: 51/51 MP: 4/6
  2460 | D:4      | Found a broken altar of Ashenzari.
  3133 | D:5      | Entered Level 5 of the Dungeon
  3351 | D:5      | Noticed a shadow
  3363 | D:5      | Killed a shadow
  3364 | D:5      | Gained mutation: You curl defensively after being hit. (AC
                  | +7*) [Palentonga growth]
  3364 | D:5      | Reached XP level 7. HP: 58/58 MP: 5/7
  3478 | D:5      | Reached skill level 5 in Fighting
  3478 | D:5      | Reached skill level 5 in Axes
  3507 | D:5      | Found a shadowy altar of Dithmenos.
  3548 | D:5      | Found Moikhaof's Antique Armour Boutique.
  3558 | D:5      | Reached *** piety under Trog
  3694 | D:5      | Reached XP level 8. HP: 52/67 MP: 4/8
  3859 | D:5      | Found a staircase to the Ecumenical Temple.
  3927 | Temple   | Entered the Ecumenical Temple
  4156 | D:6      | Reached skill level 5 in Dodging
  4172 | D:6      | Identified the ring of Divine Intervention {rC- rN+ Will+
                  | Int+3}
  4499 | D:6      | Noticed Menkaure
  4503 | D:6      | Killed Menkaure
  5047 | D:7      | Found a hide-covered altar of Uskayaw.
  5063 | D:7      | Found a glowing golden altar of the Shining One.
  5118 | D:7      | Noticed a gargoyle
  5127 | D:7      | Killed a gargoyle
  5128 | D:7      | Reached skill level 5 in Armour
  5128 | D:7      | Reached XP level 9. HP: 75/75 MP: 6/9
  5191 | D:7      | Paralysed by a hornet for 1 turns
  5489 | D:7      | Reached **** piety under Trog
  5683 | D:7      | Reached skill level 1 in Maces & Flails
  5812 | D:8      | Reached skill level 2 in Maces & Flails
  5812 | D:8      | Reached skill level 1 in Stealth
  5882 | D:8      | Reached skill level 3 in Maces & Flails
  5889 | D:8      | Noticed Erica
  5898 | D:8      | Killed Erica
  5899 | D:8      | Reached skill level 4 in Maces & Flails
  5899 | D:8      | Reached XP level 10. HP: 84/84 MP: 4/10
  6010 | D:8      | Gained mutation: Your movements are slightly less
                  | encumbered by armour. (ER -2) [potion of mutation]
  6010 | D:8      | Gained mutation: You are clumsy. (Dex -2) [potion of
                  | mutation]
  6010 | D:8      | Gained mutation: You occasionally shout uncontrollably at
                  | your foes. [potion of mutation]
  6083 | D:8      | Noticed a boulder beetle
  6102 | D:8      | Killed a boulder beetle
  6103 | D:8      | Reached skill level 6 in Maces & Flails
  6109 | D:8      | Identified the +2 glaive of the Gloaming {freeze, rF+ rN+
                  | Int-3}
  6112 | D:8      | Identified the +3 mace of the Sky {protect, Str+2}
  6210 | D:8      | Noticed a cyclops
  6215 | D:8      | Killed a cyclops
  6267 | D:8      | Reached skill level 7 in Maces & Flails
  6460 | D:8      | Reached skill level 8 in Maces & Flails
  6484 | D:8      | Identified the ring of Ennav Qong {Fly rElec}
  6743 | D:9      | Reached skill level 9 in Maces & Flails
  6972 | D:9      | Reached XP level 11. HP: 77/89 MP: 8/11
  6981 | D:9      | Paralysed by a hornet for 2 turns
  7253 | D:9      | Found an iron altar of Okawaru.
  7265 | D:9      | Found a sacrificial altar of Ru.
  7283 | D:9      | Reached skill level 10 in Maces & Flails
  7324 | D:9      | Found a radiant altar of Vehumet.
  7341 | D:9      | Found a snail-covered altar of Cheibriados.
  7557 | D:10     | Entered Level 10 of the Dungeon
  7676 | D:10     | Noticed a two-headed ogre
  7691 | D:10     | Killed a two-headed ogre
  7692 | D:10     | Reached skill level 11 in Maces & Flails
  7765 | D:10     | Found a staircase to the Lair.
  7789 | D:10     | Noticed Erolcha
  7812 | D:10     | Killed Erolcha
  7813 | D:10     | Reached skill level 12 in Maces & Flails
  8019 | D:10     | Reached ***** piety under Trog
  8154 | D:10     | Reached skill level 13 in Maces & Flails
  8170 | D:10     | Found a burning altar of Makhleb.
  8170 | D:10     | Noticed a green death
  8299 | D:10     | Found a flagged portal.
  8344 | D:10     | Found a staircase to the Orcish Mines.
  8648 | Lair:1   | Entered Level 1 of the Lair of Beasts
  8675 | Lair:1   | Reached XP level 12. HP: 82/97 MP: 6/12
  8713 | Lair:1   | HP: 1/145 [komodo dragon (9)]
  8718 | Lair:1   | Slain by a komodo dragon

Illustrated notes

Levels and vault maps discovered:
D:1:      psy_arrival_radial01, layout_basic,
          hellmonk_ecumenical_altar_slurped_away, minivault_26
D:2:      layout_basic
D:3:      layout_basic, nicolae_kikubaaqudgha_miasma_corner,
          chequers_serial_rivers_micro_a, kennysheep_crisscross,
          chequers_avenue, st_stairs_12, reono_crystal_passage
D:4:      layout_basic, mainiacjoe_overflow_small_starburst,
          kennysheep_generic_room_12, uniq_blork_the_orc
D:5:      layout_cave_pools, kennysheep_little_box,
          minmay_temple_entry_antechambers, serial_shops, nicolae_stop_n_shop_2,
          grunt_decor_mini_mirrors, minmay_manual_monolith
D:6:      layout_basic, columned_hall_lemuel, nicolae_grassy_gnolls,
          uniq_menkaure
D:7:      layout_basic, nicolae_overflow_squiral
D:8:      minmay_the_grid_four_pointed_star
          [minmay_the_grid_triangle_9x9_impossible_snake,
          minmay_the_grid_triangle_9x9_sparse_checkered,
          minmay_the_grid_triangle_9x9_windchime,
          minmay_the_grid_triangle_9x9_from_above,
          minmay_the_grid_prize_diamond_cup], layout_rooms, uniq_erica
D:9:      layout_roguey, grunt_temple_overflow_cloverleaf
D:10:     layout_big_octagon, makhleb_altar_promises_db, david_lair_generic,
          kennysheep_orc_monster_closet_entryway, enter_bailey_2,
          serial_gnoll_camp, gnoll_camp_mini_hut, gnoll_camp_mini_doghouse,
          gnoll_camp_medium_02, gnoll_camp_huts_basic, uniq_erolcha
Temple:   chequers_temple_sunken
Lair:1:   layout_cave_pods, basic_altar, st_stairs_13

Skill      XL: |  1  2  3  4  5  6  7  8  9 10 11 |
---------------+----------------------------------+-----
Armour         | 2 3 4 5 |  5.7
Dodging        | 2 3 4 6 7 |  7.3
Fighting       | 4 5 6 7 |  7.2
Axes           | 4 5 6 7 |  7.3
Maces & Flails | 4 9 13 | 13.6
Stealth        | 2 3 |  3.9

Action                   |  1- 3 |  4- 6 |  7- 9 | 10-12 || total
-------------------------+-------+-------+-------+-------++-------
Melee: Hand axe          |   102 |    31 |       |       ||   133
       Tailslap          |    12 |    10 |    55 |   102 ||   179
       War axe           |       |    71 |   261 |       ||   332
       Punch             |       |       |     1 |     9 ||    10
       Whip              |       |       |    39 |    31 ||    70
       Mace              |       |       |       |   562 ||   562
Invok: Berserk           |     1 |     3 |     7 |    11 ||    22
       Trog's Hand       |       |       |     1 |     6 ||     7
       Brothers in Arms  |       |       |       |     2 ||     2
 Abil: Rolling Charge    |     1 |     2 |    12 |    15 ||    30
  Use: Scroll            |     5 |     1 |     2 |    12 ||    20
       Potion            |       |       |       |    11 ||    11
 Stab: Sleeping          |     1 |       |       |     1 ||     2
       Invisible         |       |       |       |     1 ||     1
Armor: Animal skin       |    21 |       |       |       ||    21
       Ring mail         |    10 |    49 |   163 |   399 ||   621
       Skin              |       |       |       |     3 ||     3
Dodge: Dodged            |    51 |    42 |   186 |   400 ||   679
